Cogmind - Beta 10.2 @@@ ROGUE MODE // 2021.03.19 @ 03:16:32 Player: goast115 Result: Destroyed by G-34 Mercenary with Small Laser Performance ------------- Evolutions (1) 500 Regions Visited (4) 800 Robots Destroyed (18) 90 Value Destroyed (457) 457 Prototype IDs (2) 40 Alien Tech Used (0) 0 Bonus (0) 0 TOTAL SCORE: 1887 Bonus ------- None Cogmind --------- Core Integrity 0/400 Matter 280/300 Energy 200/250 System Corruption 0% Temperature Cool (7) Movement Walking (120) Location -9/Mines Parts ------- > --- POWER (2) -------- Ion Engine > --- PROPULSION (3) --- Aluminum Leg > --- UTILITY (2) ------ Advanced Weight Redist. System > --- WEAPON (2) ------- Particle Cannon Rocket Launcher > --- INVENTORY (4) ---- Heavy Mace Heavy Mace Heavy Mace Peak State ------------ > --- POWER ------------ Deuterium Engine Deuterium Engine > --- PROPULSION ------- Flight Unit Flight Unit Flight Unit > --- UTILITY ---------- Advanced Weight Redist. System Advanced Weight Redist. System > --- WEAPON ----------- Heavy Mace Heavy Mace > --- INVENTORY -------- Heavy Mace Heavy Mace [Rating: 21] Favorites ----------- Power Ion Engine Engine Ion Engine Power Core Light Nuclear Core Propulsion Aluminum Leg Leg Aluminum Leg Wheel Wheel Flight Unit Flight Unit Utility Advanced Weight Redist. System Device Advanced Weight Redist. System Storage Small Storage Unit Weapon Heavy Mace Energy Cannon Particle Cannon Ballistic Gun Light Assault Rifle Launcher Rocket Launcher Impact Weapon Heavy Mace Build | -11 -10 -10 -9 -9 ------- Run | Scr Mat Min Mat Min Slots Evolved 2 | . . . 2 . Power 1 | . . . 1 . Propulsion 1 | . . . 1 . Utility . | . . . . . Weapon . | . . . . . Parts Attached 36 | 7 3 9 10 7 Power 7 | 1 . 2 3 1 Engine 5 | 1 . 1 2 1 Core 2 | . . 1 1 . Reactor . | . . . . . Propulsion 13 | 2 2 3 3 3 Treads . | . . . . . Leg 5 | . 2 . 1 2 Wheel 2 | 2 . . . . Hover . | . . . . . Flight 6 | . . 3 2 1 Utility 4 | 1 . 1 2 . Device 3 | . . 1 2 . Storage 1 | 1 . . . . Processor . | . . . . . Hackware . | . . . . . Protection . | . . . . . Artifact . | . . . . . Weapon 12 | 3 1 3 2 3 Energy Gun . | . . . . . Energy Cannon 1 | . . . . 1 Ballistic Gun 7 | 3 1 3 . . Ballistic Cannon . | . . . . . Launcher 1 | . . . . 1 Special Weapon . | . . . . . Impact Weapon 3 | . . . 2 1 Slashing Weapon . | . . . . . Piercing Weapon . | . . . . . Special Melee Weapon . | . . . . . Unidentified Prototypes . | . . . . . Parts Lost 14 | . . 3 2 9 Power 3 | . . 1 . 2 Propulsion 7 | . . . 2 5 Utility 2 | . . 1 . 1 Weapon 2 | . . 1 . 1 Highest Loss Streak 7 | . . 3 2 7 Average Slot Usage (%) 71 | . 85 83 92 53 Engine 11 | . 14 9 19 9 Core 1 | . . 4 1 . Leg 8 | . 4 18 . 8 Wheel 2 | . 24 . . . Flight 8 | . . 10 28 1 Device 10 | . . 4 20 12 Storage 3 | . 14 9 . . Ballistic Gun 10 | . 28 28 1 . Impact Weapon 13 | . . . 19 21 Naked Turns . | . . . . . Heaviest Build 24 | 13 13 13 24 24 Greatest Support 38 | 20 20 20 30 38 Greatest Overweight (x) 3 | 3 3 . . 1 Average Overweight (x) . | . . . . . Largest Inventory Capacity 6 | 6 6 6 4 4 Average Capacity 4 | 5 6 5 4 4 Most Carried 6 | 6 6 6 4 4 Average Carried 3 | 4 4 5 3 2 Final Capacity 6 | 6 6 4 4 4 Final Carried 6 | 4 6 4 4 3 Class Distribution -------------------- 95% | Mutant 4% | Scavenger-Mutant Dominant Class ---------------- Mutant | -10/Materials Mutant | -10/Mines Mutant | -9/Materials Mutant | -9/Mines Resources | -11 -10 -10 -9 -9 ----------- Run | Scr Mat Min Mat Min Matter Collected 629 | 178 118 179 100 54 Remotely . | . . . . . Salvage Created 578 | . 118 179 100 181 Parts 26 | . 10 9 5 2 Haulers Intercepted . | . . . . . Recyclers Shooed . | . . . . . Parts Field Recycled . | . . . . . Retrieved Matter . | . . . . . Parts Self-Destructed . | . . . . . Prevented . | . . . . . Kills | -11 -10 -10 -9 -9 ------- Run | Scr Mat Min Mat Min Combat Hostiles Destroyed 17 | . 5 4 4 4 Melee 4 | . . . 3 1 Guns 9 | . 5 4 . . Classes Destroyed 4 | . 2 . . 2 Recycler 1 | . . . . 1 Swarmer 8 | . 3 . 3 2 Grunt 8 | . 2 4 1 1 Duelist 1 | . . . . 1 Best Kill Streak 3 | . 3 2 3 2 Combat Bots Only 3 | . 3 2 3 2 Max Kills in Single Turn 1 | . 1 1 1 1 Gunslinging . | . . . . . Exploded . | . . . . . Melee 1 | . . . 1 1 Uniques/NPCs Destroyed . | . . . . . Combat | -11 -10 -10 -9 -9 -------- Run | Scr Mat Min Mat Min Damage Taken 1579 | . 223 441 281 634 Core 490 | . 19 62 133 276 Absorbed by Shields . | . . . . . Core Remaining (%) 83 | 100 . 67 . . Volleys Fired 40 | . 15 25 . . Largest 2 | . 2 2 . . Hottest 40 | . 40 40 . . Shots Fired 76 | . 28 48 . . Gun 76 | . 28 48 . . Cannon . | . . . . . Launcher . | . . . . . Special . | . . . . . Kinetic 76 | . 28 48 . . Thermal . | . . . . . Explosive . | . . . . . Electromagnetic . | . . . . . Robot Hit Streak 15 | . 6 15 . . Robot Miss Streak 1 | . 1 1 . . Penetration Max . | . . . . . Secondary Targets 1 | . . 1 . . Max Gunslinging Chain 1 | . . 1 . . Shots Hit Robots 95 | . 21 38 15 21 Core Hits 21 | . 7 11 2 1 Critical Hits 2 | . . 2 . . Critical Kills . | . . . . . Critical Parts Destroyed 2 | . . 2 . . Melee Attacks 55 | . . . 18 37 Impact 55 | . . . 18 37 Slashing . | . . . . . Piercing . | . . . . . Sneak Attacks 1 | . . . . 1 Combat Hostiles . | . . . . . Follow-up Attacks 9 | . . . 4 5 Damage Inflicted 1639 | . 267 274 461 637 Guns 541 | . 267 274 . . Cannons . | . . . . . Explosions . | . . . . . Melee 1098 | . . . 461 637 Ramming . | . . . . . Kinetic 541 | . 267 274 . . Thermal . | . . . . . Explosive . | . . . . . Electromagnetic . | . . . . . Impact 1098 | . . . 461 637 Slashing . | . . . . . Piercing . | . . . . . Highest Corruption . | . . . . . Average Corruption . | . . . . . Corruption Purged . | . . . . . Overload Shots . | . . . . . Overflow Damage 141 | . . . 29 112 Projectiles . | . . . . . Explosions . | . . . . . Melee 141 | . . . 29 112 Knockbacks 4 | . . . 2 2 Impact 3 | . . . 1 2 Kinetic . | . . . . . Secondary 1 | . . . 1 . Self-Inflicted Damage . | . . . . . Shots . | . . . . . Rammed . | . . . . . Targets Rammed . | . . . . . Kicked . | . . . . . Crushed . | . . . . . Highest Temperature 31 | . 2 31 4 . Average Temperature 12 | . 2 15 3 . Received Heat Transfer 561 | . 108 252 129 72 Siege Activations . | . . . . . Robots Corrupted . | . . . . . Combat Hostiles . | . . . . . Parts Fried 6 | . . . 1 5 Impact Corruptions 14 | . . . 5 9 Robots Melted . | . . . . . Combat Hostiles . | . . . . . Parts Melted . | . . . . . Heat Transferred . | . . . . . Parts Sabotaged . | . . . . . Parts Stolen . | . . . . . Parts Stripped . | . . . . . Power Chain Reactions . | . . . . . Missiles Intercepted . | . . . . . Alert | -11 -10 -10 -9 -9 ------- Run | Scr Mat Min Mat Min Peak Influence 223 | . 179 139 223 146 Initial 86 | . . 69 53 86 Average 93 | . 96 96 105 98 Maximum Alert Level 1 | . . . 1 . Low Security (%) 98 | 100 100 100 90 100 Level 1 1 | . . . 9 . Level 2 . | . . . . . Level 3 . | . . . . . Level 4 . | . . . . . Level 5 . | . . . . . High Security . | . . . . . Max Security . | . . . . . Squads Dispatched . | . . . . . Investigation . | . . . . . Extermination . | . . . . . Reinforcement . | . . . . . Assault . | . . . . . Garrison . | . . . . . Intercept . | . . . . . Construction Impeded . | . . . . . Haulers Reinforced . | . . . . . Stealth | -11 -10 -10 -9 -9 --------- Run | Scr Mat Min Mat Min Distress Signals 2 | . 2 . . . Communications Jammed . | . . . . . Distress Signals . | . . . . . Times Spotted 31 | . 8 4 10 9 Peak Tracking Total 6 | . 6 2 5 3 Tactical Retreats 6 | . 2 . 2 2 Traps | -11 -10 -10 -9 -9 ------- Run | Scr Mat Min Mat Min Traps Triggered . | . . . . . Indirectly . | . . . . . Trap Hack Attempts . | . . . . . Triggered . | . . . . . Disarmed . | . . . . . Reprogrammed . | . . . . . Reused . | . . . . . Traps Extracted . | . . . . . Installed . | . . . . . Triggered . | . . . . . Machines | -11 -10 -10 -9 -9 ---------- Run | Scr Mat Min Mat Min Machines Disabled . | . . . . . Max in Single Turn . | . . . . . Machines Sabotaged . | . . . . . Garrisons Compromised . | . . . . . Overloaded Fab Kills . | . . . . . Fab Network Shutdowns . | . . . . . Hacking | -11 -10 -10 -9 -9 --------- Run | Scr Mat Min Mat Min Machines Accessed 2 | . 2 . . . Terminals 2 | . 2 . . . Fabricators . | . . . . . Repair Stations . | . . . . . Recycling Units . | . . . . . Scanalyzers . | . . . . . Garrison Access . | . . . . . Total Hacks 5 | . 5 . . . Successful 4 | . 4 . . . Failed 1 | . 1 . . . Catastrophic . | . . . . . Database Lockouts . | . . . . . Manual . | . . . . . Terminals 5 | . 5 . . . Fabricators . | . . . . . Repair Stations . | . . . . . Recycling Units . | . . . . . Scanalyzers . | . . . . . Garrison Access . | . . . . . Terminal Hacks 4 | . 4 . . . Record 1 | . 1 . . . Prototype ID Bank 1 | . 1 . . . Locate Traps 1 | . 1 . . . Zone Layout 1 | . 1 . . . Fabricator Hacks . | . . . . . Repair Station Hacks . | . . . . . Recycling Unit Hacks . | . . . . . Scanalyzer . | . . . . . Garrison Access Hacks . | . . . . . Unauthorized Hacks . | . . . . . Terminals . | . . . . . Fabricators . | . . . . . Repair Stations . | . . . . . Recycling Units . | . . . . . Scanalyzers . | . . . . . Garrison Access . | . . . . . Data Cores Recovered . | . . . . . Used . | . . . . . Hacking Detections 1 | . 1 . . . Full Trace Events . | . . . . . Feedback Events . | . . . . . Feedback Blocked . | . . . . . Robot Schematics Acquired . | . . . . . Robots Built . | . . . . . Matter . | . . . . . Time . | . . . . . Total Robot Build Rating . | . . . . . Part Schematics Acquired . | . . . . . Parts Built . | . . . . . Matter . | . . . . . Time . | . . . . . Total Part Build Rating . | . . . . . Parts Repaired . | . . . . . Time . | . . . . . Parts Recycled . | . . . . . Recycled Matter . | . . . . . Retrieved Matter . | . . . . . Retrieved Components . | . . . . . Parts Scanalyzed . | . . . . . Part Schematics Acquired . | . . . . . Parts Damaged . | . . . . . Bothacking | -11 -10 -10 -9 -9 ------------ Run | Scr Mat Min Mat Min Used RIF Installer . | . . . . . Robots Hacked . | . . . . . Non-combat . | . . . . . Combat . | . . . . . Robot Hacks Applied . | . . . . . Relay Couplers Released . | . . . . . Robots Rewired . | . . . . . Allies Hacked . | . . . . . Hacks Repelled . | . . . . . Allies | -11 -10 -10 -9 -9 -------- Run | Scr Mat Min Mat Min Total Allies . | . . . . . Largest Group . | . . . . . Highest-Rated Group . | . . . . . Highest-Rated Ally . | . . . . . Total Orders . | . . . . . Ally Attacks . | . . . . . Total Damage . | . . . . . Kills . | . . . . . Allies Corrupted . | . . . . . Allies Melted . | . . . . . Intel | -11 -10 -10 -9 -9 ------- Run | Scr Mat Min Mat Min Robot Analysis Total . | . . . . . Derelict Logs Recovered 1 | . . 1 . . Drone Launches . | . . . . . Drone Recoveries . | . . . . . Exploration | -11 -10 -10 -9 -9 ------------- Run | Scr Mat Min Mat Min Turns Passed 1201 | 66 140 279 201 515 Spaces Moved 749 | 51 89 260 176 173 Core 80 | 34 10 . . 36 Treads . | . . . . . Legs 229 | . . 114 . 115 Wheels 96 | 17 79 . . . Hover . | . . . . . Flight 344 | . . 146 176 22 Fastest Speed 34 | 50 80 37 34 40 Average Speed 75 | 100 93 73 36 103 Slowest Speed 200 | 200 200 120 47 120 Overloaded Moves . | . . . . . Propulsion Burnouts . | . . . . . Robots Hopped 3 | . . . 3 . Cave-ins Triggered . | . . . . . Exploration Rate (%) 23 | 4 16 49 13 33 Regions Visited 4 Branch Regions 2 Pre-discovered Areas . | . . . . . Known Exits Taken . | . . . . . Unknown Exits Taken 4 | 1 1 1 1 . Scrap Searched 1 | . . . . 1 Spaces Dug . | . . . . . Terrain Destroyed . | . . . . . Melee . | . . . . . Projectile . | . . . . . AOE . | . . . . . Terrain Rammed . | . . . . . Walls Destroyed . | . . . . . Machines Disabled . | . . . . . Actions | -11 -10 -10 -9 -9 --------- Run | Scr Mat Min Mat Min Total 1216 | 64 122 305 282 443 Wait 307 | . 3 6 69 229 Move 739 | 50 88 259 169 173 Hop 3 | . . . 3 . Pick Up 23 | 6 6 2 6 3 Fast Attach 15 | 4 . 2 8 1 Attach 14 | 3 3 2 2 4 Detach 8 | 1 3 . 4 . Swap 7 | . . 5 . 2 Drop 16 | . 4 4 8 . Fire 40 | . 15 25 . . Melee 44 | . . . 13 31 Ram . | . . . . . Kick . | . . . . . Crush . | . . . . . Escape Stasis . | . . . . . Rewire . | . . . . . Trap . | . . . . . Miscellaneous . | . . . . . Route ------- -11/Scrapyard -10/Materials -10/Mines -9/Materials -9/Mines History --------- Turn | Location | Event 12 | -11/Scrapyard | Discovered new exit (range 15) 67 | -11/Scrapyard | Entered Materials 90 | -10/Materials | Discovered new exit (range 13) 207 | -10/Materials | Entered Mines 221 | -10/Mines | Met a Derelict bent on vengeance 234 | -10/Mines | Found a hidden stash of uninstalled traps 314 | -10/Mines | Build established: Mutant 380 | -10/Mines | Learned Materials non-interactive machine intel 482 | -10/Mines | Discovered new exit (range 13) 486 | -10/Mines | Entered Materials 486 | -9/Materials | Evolved 2 slots: Power x1, Propulsion x1 487 | -9/Materials | Loaded intel: 35 non-interactive machine locations 492 | -9/Materials | Lost 3 parts (1p1u1w) 682 | -9/Materials | Discovered new exit (range 12) 687 | -9/Materials | Entered Mines 712 | -9/Mines | Core integrity fell below 50% 762 | -9/Mines | Lost 7 parts (2p4n1u) 808 | -9/Mines | Core integrity fell below 20% 917 | -9/Mines | Excavation squad dispatched 917 | -9/Mines | A large section of the Mines collapsed 1164 | -9/Mines | Received a Rocket Launcher from a helpful Derelict 1167 | -9/Mines | Excavation squad dispatched 1202 | -9/Mines | Destroyed by G-34 Mercenary with Small Laser Last Messages --------------- Dispatching escorted excavation squad. 01139_ Searching scrap... 01139_ Found 14 Matter. 01139_ Found 11 Matter. 01158_ A derelict emerges from the shadows. 01159_ K6-G65(g): "Some of my friends down here think you need a mining laser when you travel the depths." 01160_ K6-G65(g): "Pshh... whatever." 01161_ K6-G65(g): "Everyone knows a good old rocket launcher goes a long way." 01162_ K6-G65(g): "Need to get rid of a swarm? Done. Need a big hole in the wall? Done." 01163_ K6-G65(g): "Need a small hole in the wall? Leave that to the mining laser wimps, I say!" 01164_ K6-G65(g): "Would you like a rocket launcher? I know I would if I were you, so I'm going to lend you mine." 01164_ K6-G65(g) slips back into the shadows. 01166_ Acquired Rocket Launcher. 01167_ ALERT: Derelict activity in mines confirmed. Dispatching additional escorted excavation squad. Map ----- +----------------------------------------------------+ | | | ?????????????????????????????????????????????????? | | ?????????????????????????????????????????????????? | | ?????????????????????????????????????????????????? | | ?????????????????????????????????????????????????? | | ?????????????????????????????????????????????????? | | ?????????????????????????????????????????????????? | | ?????????????????????????????????????????????????? | | ?????????????????????????????????????????????????? | | ?????????????????????????????????????????????????? | | ?????????????????????????????????????????????????? | | ?????????????????????????????????????????????????? | | ?????????????????????????????????????????????????? | | ?????????????????????????????????????????????????? | | ?????????????????????????????????????????????????? | | ?????????????????????????????????????????????????? | | ?????????????????????????????????????????????????? | | ?????????????????????????????????????????????????? | | ??????????????????#####??????????????????????????? | | ??????????????????? ???????????????????????????? | | ??????????????????? ???????????????????????????? | | ???????????????????# #???????????????????????????? | | ???????????????????# #???????????????????????????? | | ???????????????????# #???????????????????????????? | | ???????????????????#t######??????????????????????? | | ???????????????????# g @#??????????????????????? | | ???????????????????# #### #??????????????????????? | | ???????????????????# #??# #??????????????????????? | | ???????????????????# #??# #??????????????????????? | | ???????????????????# #??# #??????????????????????? | | ???????????????????# #??#k#??????????????????????? | | ???????????????????# #??# #??????????????????????? | | ??????????????????## ##?# #??????????????????????? | | ?????????????????## ### #??????????????????????? | | ????????????????## #? ???????????????????????? | | ???????????????## #?#???????????????????????? | | ???????????????# ##?????????????????????????? | | ????????## #### ###????????????????????????? | | ????????# ## ????????????????????????? | | ???????# #### ### #????????????????????????? | | ??????? ??????# #?# #????????????????????????? | | ???????????????## ### ##########???????????????? | | ????????????????# #???????????????? | | ????????????????# #???????????????? | | ???????????????# ######### ## #???????????????? | | ???????????? #???????# #???????????????????? | | ????????? #???????#%#???????????????????? | | ??????# ???????#%#???????????????????? | | ??????# ???????# #????????###????????? | | ??????## ???????# #???????# ##???????? | +----------------------------------------------------+ Best States ------------- Heat Dissipation 39 Energy Generation 23 Energy Capacity 450 Matter Stores 300 Matter Capacity 300 Sight Range 16 Terrain Scan Density 10 Additional Mass Support 18 Evasion (%) 63 Item Schematics ----------------- None Robot Schematics ------------------ None Fabricated ------------ Nothing Alien Tech Used ----------------- None Achievements -------------- None Challenges ------------ None Game ------ Seed FlightFusionSink Manual? 0 Play Time 00:18:57 Cumulative 6.2 hours Start 2021.03.19 @ 03:00:35 End 2021.03.19 @ 03:16:32 Sessions 1 Manual Loads 0 Difficulty Rogue Special Mode None Game No. 12 Rogue 12 Adventurer 0 Explorer 0 Win Type - Total 0 Types 0/0/0/0/0/0/0/0/0 Lore% 4 Gallery% 16 Achievement% 12 Wizard Run 0 Options --------- ASCII 0 Keyboard 1 Movement Numpad Keybinds 0 Fullscreen 2 Font 18/SmallcapsGlow Map View 76x50 Tactical HUD 1 Map Filters NONE Filters NONE Steam 1 RUN: cf832c90-d878-4e8f-b077-1ee3d6e7d0c7